 Dungeon Crawl Stone Soup version 0.19.1 (webtiles) character file.

146 TheSquall the Skirmisher (level 5, -23/45 HPs)
             Began as a Draconian Skald on Nov 23, 2016.
             Annihilated by a large abomination (26 damage)
             ... on level 1 of the Abyss.
             The game lasted 00:14:34 (2766 turns).

TheSquall the Skirmisher (Draconian Skald)          Turns: 2766, Time: 00:14:35

Health: -23/45     AC:  5    Str: 15    XL:     5   Next: 7%
Magic:  9/9        EV: 11    Int: 13    God:
Gold:   140        SH:  0    Dex: 10    Spells: 3 memorised, 4 levels left

rFire  . . .     SeeInvis .     a - +0 mace
rCold  . . .     Gourm    .     (armour unavailable)
rNeg   . . .     Faith    .     (no shield)
rPois  .         Spirit   .     (helmet restricted)
rElec  .         Reflect  .     (no cloak)
rCorr  .         Harm     .     (no gloves)
MR     .....                    (no boots)
Stlth  +.........               (no amulet)
                                (no ring)
                                (no ring)

@: drained
A: unfitting armour, cold-blooded, AC +5
a: no special abilities


You were on level 1 of the Abyss.
You were very hungry.

You visited 1 branch of the dungeon, and saw 3 of its levels.
You visited the Abyss 1 time.

You collected 140 gold pieces.

Inventory:

Hand Weapons
 a - a +0 mace (weapon)
 d - a +0 dagger
 h - a +0 short sword
Missiles
 m - 124 stones (quivered)
Armour
 r - a +1 plate armour of cold resistance
Scrolls
 e - 4 scrolls of remove curse
 f - a scroll of fear {unknown}
 g - a scroll of noise {unknown}
 k - a scroll of random uselessness {unknown}
 p - a scroll of identify {unknown}
 q - a scroll of enchant armour {unknown}
 s - a scroll of blinking {unknown}
 t - a scroll of fog {unknown}
 v - a scroll of teleportation {unknown}
Potions
 j - a potion of cancellation {unknown}
 l - a potion of heal wounds
 n - 2 potions of curing {unknown}
 u - 3 potions of agility {unknown}
Books
 b - a book of Battle

   Spells                             Type                      Level
   a - Infusion                       Charms                       1
   b - Shroud of Golubria             Charms/Translocation         2
   c - Song of Slaying                Charms                       2
   d - Spectral Weapon                Hexes/Charms                 3
   e - Regeneration                   Charms/Necromancy            3
Comestibles
 c - a bread ration
 i - a slice of pizza


   Skills:
 + Level 3.4(2.8) Fighting
 + Level 3.2(2.6) Maces & Flails
 - Level 1.3(0.7) Dodging
 + Level 3.0(2.4) Spellcasting
 + Level 3.3(2.7) Charms


You had 4 spell levels left.
You knew the following spells:

 Your Spells              Type           Power        Failure   Level  Hunger
a - Infusion              Chrm           #...         10%         1    #......
b - Shroud of Golubria    Chrm/Tloc      #.........   24%         2    ###....
c - Regeneration          Chrm/Necr      #.........   52%         3    ###....


Dungeon Overview and Level Annotations

Branches:
Dungeon (3/15)

Altars:

Annotations:
D:3 Crazy Yiuf


Innate Abilities, Weirdness & Mutations

Your plain brown scales are hard. (AC +5)
You cannot fit into any form of body armour.
You are cold-blooded and may be slowed by cold attacks.


Message History

You start resting.
You are feeling very hungry.
You start resting.
HP restored.
A large abomination comes into view.
Found a gateway leading deeper into the Abyss.
You closely miss the large abomination.
You tail-slap the large abomination, but do no damage.
The large abomination hits you!!
Ouch! That really hurt!
You hit the large abomination.
The large abomination is lightly damaged.
The large abomination hits you!
* * * LOW HITPOINT WARNING * * *
You hit the large abomination but do no damage.
You tail-slap the large abomination, but do no damage.
The large abomination is lightly damaged.
The large abomination hits you!!
Ouch! That really hurt!
You die...

# #. ♣♣♣#####
#..♣♣♣♣.♣ ...#
#..X@..♣.....#
#>....♣#.♣#...#
#...##.♣.♣♣.#####
.#. ♣♣ ♣#♣♣.♣ ♣##


You could see a large abomination.

Vanquished Creatures
  A crimson imp (D:3)
  5 adders
  3 oozes
  2 worms (D:3)
  A dart slug (D:1)
  A leopard gecko (D:3)
  An orc (D:3)
  A ball python (D:3)
  7 bats
  3 giant cockroaches
  5 goblins
  2 hobgoblins (D:2)
  5 frilled lizards
  8 kobolds
  7 rats
52 creatures vanquished.

Notes
Turn   | Place    | Note
-------+----------+-------------------------------------------
     0 | D:1      | TheSquall the Draconian Skald began the quest for the Orb.
     0 | D:1      | Reached XP level 1. HP: 17/17 MP: 3/3
   397 | D:1      | Reached XP level 2. HP: 21/24 MP: 5/5
   404 | D:1      | Learned a level 2 spell: Shroud of Golubria
   930 | D:2      | Reached XP level 3. HP: 23/30 MP: 3/6
  1448 | D:2      | Reached XP level 4. HP: 37/37 MP: 7/7
  1564 | D:2      | Learned a level 3 spell: Regeneration
  2085 | D:3      | Reached XP level 5. HP: 45/45 MP: 9/9
  2188 | D:3      | Found a runed door.
  2477 | D:3      | Noticed Crazy Yiuf
  2482 | D:3      | HP: 2/45 [Crazy Yiuf/quarterstaff of chaos (1)]
  2486 | D:3      | Cast into level 1 of the Abyss (Crazy Yiuf)
  2761 | Abyss:1  | Noticed a large abomination
  2765 | Abyss:1  | HP: 2/45 [large abomination (16)]
  2766 | Abyss:1  | Annihilated by a large abomination

Skill      XL: |  1  2  3  4  5 |
---------------+----------------+-----
Charms         | 3 |  3.3
Maces & Flails | 3 |  3.2
Fighting       | 3 |  3.4
Spellcasting   | 3 |  3.0
Dodging        | |  1.3

Action                   |  1- 3 |  4- 6 || total
-------------------------+-------+-------++-------
Melee: Mace              |    84 |    92 ||   176
       Tailslap          |     4 |    13 ||    17
 Cast: Shroud of Golubri |     2 |     1 ||     3
  Use: Scroll            |       |     1 ||     1
       Potion            |       |     2 ||     2
 Stab: Sleeping          |     2 |       ||     2
  Eat: Chunk             |     2 |     3 ||     5
Armor: Skin              |    27 |    42 ||    69
Dodge: Dodged            |    50 |    65 ||   115
